 Dungeon Crawl Stone Soup version 0.21-a0-283-g622b906 (webtiles) character file.

11 nono the Charmwright (level 2, 0/24 HPs)
             Began as a Gnoll Skald on Sept 24, 2017.
             Slain by a jackal (1 damage)
             ... on level 1 of the Dungeon.
             The game lasted 00:01:21 (208 turns).

nono the Charmwright (Gnoll Skald)                   Turns: 208, Time: 00:01:22

Health: 0/24       AC:  5    Str:  7    XL:     2   Next: 25%
Magic:  6/6        EV: 15    Int:  7    God:
Gold:   48         SH:  0    Dex:  7    Spells: 6/7 levels left

rFire    . . .     SeeInvis .   a - +0 mace
rCold    . . .     Gourm    .   (no shield)
rNeg     . . .     Faith    .   g - +0 ring mail
rPois    .         Spirit   .   (no helmet)
rElec    .         Reflect  .   (no cloak)
rCorr    .         Harm     .   (no gloves)
MR       .....                  (no boots)
Stlth    +.........             (no amulet)
HPRegen  0.08/turn              (no ring)
MPRegen  0.10/turn              (no ring)

@: agile
A: unchanging attributes, fangs 1, strong nose
a: no special abilities


You were on level 1 of the Dungeon.
You were not hungry.

You visited 1 branch of the dungeon, and saw 1 of its levels.

You collected 48 gold pieces.

Inventory:

Hand Weapons
 a - a +0 mace (weapon)
Missiles
 e - 26 sling bullets
Armour
 b - a +0 leather armour
 g - a +0 ring mail (worn)
Scrolls
 h - a scroll of identify {unknown}
Books
 c - a book of Battle

   Spells                             Type                      Level
   a - Infusion                       Charms                       1
   b - Shroud of Golubria             Charms/Translocation         2
   c - Song of Slaying                Charms                       2
   d - Spectral Weapon                Hexes/Charms                 3
   e - Regeneration                   Charms/Necromancy            3
Comestibles
 d - a bread ration


   Skills:
 + Level 3.3 Fighting
 - Level 2.6 Maces & Flails
 + Level 2.2 Armour
 - Level 2.6 Dodging
 - Level 3.0 Spellcasting
 - Level 4.0 Charms


You had 6 spell levels left.
You knew the following spells:

 Your Spells              Type           Power        Failure   Level  Hunger
a - Infusion              Chrm           #...         22%         1    ##.....


Dungeon Overview and Level Annotations

Branches:
Dungeon (1/15)

Altars:


Innate Abilities, Weirdness & Mutations

Your physical attributes are unchanging.
You have very sharp teeth.
Your uncanny sense of smell can sniff out nearby items.


Message History

The kobold is severely wounded.
The jackal closely misses you. The kobold closely misses you.
The jackal closely misses you.
You barely miss the kobold.
The kobold is severely wounded.
The jackal misses you. The kobold hits you but does no damage.
The jackal bites you.
* * * LOW HITPOINT WARNING * * *
It was a potion of agility.
You feel agile all of a sudden. The kobold hits you but does no damage.
The jackal misses you.
You closely miss the kobold.
The kobold is severely wounded.
The jackal bites you.
* * * LOW HITPOINT WARNING * * *
The kobold barely misses you. The jackal barely misses you.
You hit the kobold.
You kill the kobold!
The jackal bites you.
You die...

###........#
#######........#
.#..............#
................#
..######.........#
..................
..#######.########
#)# #@# #h#
#....h...#
##.....#..# ∆
........ ....
####....## #..
###### .


You could see 2 jackals.

Vanquished Creatures
  2 dart slugs (D:1)
  A hobgoblin (D:1)
  3 kobolds (D:1)
  A bat (D:1)
7 creatures vanquished.

Vanquished Creatures (others)
  A toadstool (D:1)
1 creature vanquished.

Grand Total: 8 creatures vanquished

Notes
Turn   | Place    | Note
-------+----------+-------------------------------------------
     0 | D:1      | nono the Gnoll Skald began the quest for the Orb.
     0 | D:1      | Reached XP level 1. HP: 17/17 MP: 4/4
   169 | D:1      | Reached XP level 2. HP: 18/24 MP: 6/6
   207 | D:1      | HP: 1/24 [jackal (1)]
   208 | D:1      | Slain by a jackal

Vault maps used:
D:1:      ldierk_water_garden

Skill      XL: |  1 |
---------------+----+-----
Fighting       | 3 |  3.3
Armour         | 2 |  2.2
Maces & Flails | |  2.6
Dodging        | |  2.6
Spellcasting   | |  3.0
Charms         | |  4.0

Action                   || total
-------------------------++-------
Melee: Mace              ||    49
       Bite              ||     1
 Cast: Infusion          ||     3
  Use: Potion            ||     1
Armor: Leather armour    ||     4
       Ring mail         ||    18
Dodge: Dodged            ||    34

Table legend:
 A = Spawn XP
 B = Non-spawn XP
 C = Spawn XP percentage of total XP
 D = Spawn monster count
 E = Non-spawn monster count
 F = Spawn count percentage of total count
 G = Total turns spent on level
                    A         B        C        D         E        F      G
               +---------+---------+-------+---------+---------+-------+---------
         Total |       0 |      16 |   0.0 |       0 |       7 |   0.0 |   208
               +---------+---------+-------+---------+---------+-------+---------
           D:1 |       0 |      16 |   0.0 |       0 |       7 |   0.0 |   208
               +---------+---------+-------+---------+---------+-------+---------
